 Dungeon Crawl Stone Soup version 0.25-a0-578-gc91f01c39c (webtiles) character file.

Game seed: 17861715731348883161, levelgen mode: classic

96 EnegeticOcto the Shield-Bearer (level 4, -1/43 HPs)
             Began as a Deep Dwarf Fighter on Mar 5, 2020.
             Killed by nerve-wracking pain
             ... invoked by an orc priest
              (6 damage)
             ... on level 4 of the Dungeon.
             The game lasted 00:00:28 (409 turns).

EnegeticOcto the Shield-Bearer (Deep Dwarf Fighter)  Turns: 409, Time: 00:00:28

Health: -1/43      AC:  7    Str: 21    XL:     4   Next: 41%
Magic:  3/3        EV:  7    Int:  8    God:
Gold:   37         SH:  9    Dex: 12    Spells: 3/3 levels left

rFire    . . .     SeeInvis .   a - +0 war axe
rCold    . . .     Gourm    .   c - +0 kite shield
rNeg     . . .     Faith    .   b - +0 scale mail
rPois    .         Spirit   .   (no helmet)
rElec    .         Reflect  .   (no cloak)
rCorr    .         Harm     .   (no gloves)
MR       .....                  (no boots)
Stlth    ..........             (no amulet)
HPRegen  0.00/turn              (no ring)
MPRegen  0.08/turn              (no ring)

@: lethally poisoned (-1 -> -1), non-regenerating
A: damage resistance, heal wounds, sense surroundings 1, no regeneration
a: Heal Wounds


You were on level 4 of the Dungeon.
You were not hungry.

You visited 1 branch of the dungeon, and saw 4 of its levels.

You collected 37 gold pieces.

Inventory:

Hand Weapons
 a - a +0 war axe (weapon)
Armour
 b - a +0 scale mail (worn)
 c - a +0 kite shield (worn)
Scrolls
 f - a scroll of fog {unknown}
 g - a scroll of amnesia {unknown}
 i - a scroll of noise {unknown}
Potions
 h - a potion of ambrosia {unknown}
 k - a potion of might {@q3}
Comestibles
 d - 7 chunks of flesh
 e - 3 rations


   Skills:
 * Level 3.6 Fighting
 * Level 3.4 Axes
 + Level 3.7 Armour
 + Level 3.7 Shields


You had 3 spell levels left.
You didn't know any spells.
Your spell library was empty.

Dungeon Overview and Level Annotations

Branches:
Dungeon (4/15)
 Temple: D:4-7

Altars:


Innate Abilities, Weirdness & Mutations

You are resistant to damage.
You can heal yourself by infusing magical energy.
You passively map a small area around you.
You do not regenerate.


Message History

You hear some strange, mumbled words.
A magic dart appears from out of thin air!
The magic dart hits you but does no damage.
The orc wizard hits you but does no damage.
You block the worker ant's attack. The iguana bites you.
* * * LOW HITPOINT WARNING * * *
You are too injured to fight recklessly!
You are too injured to fight recklessly!
You are too injured to fight recklessly!
You are too injured to fight recklessly!
You are too injured to fight recklessly!
You are too injured to fight recklessly!
You fail to use your ability.
Something hits you.
* * * LOW HITPOINT WARNING * * *
The orc wizard hits you but does no damage.
The orc priest barely misses you.
The worker ant bites you but does no damage.
The iguana barely misses you.
You feel much better. Something hits you but does no damage.
The orc wizard hits you but does no damage.
The worker ant barely misses you.
The orc priest invokes the aid of Beogh against you.
Beogh smites you! The iguana closely misses you.
Your magical essence is drained by the effort!
You feel much better.
You hear some strange, mumbled words.
Something tries to affect you, but you resist.
The orc wizard barely misses you. The worker ant barely misses you.
The orc priest hits you but does no damage.
The iguana closely misses you.
Your shield prevents you from hitting the iguana.
The iguana is lightly wounded.
You hit the orc wizard. You completely miss the orc priest. You miss something.
You barely miss the worker ant. You block the worker ant's attack.
You hear some strange, mumbled words.
You are confused.
The orc wizard hits you but does no damage.
The orc priest hits you but does no damage.
The iguana bites you! Something hits you but does no damage.
The worker ant bites you.
You are poisoned.
The worker ant poisons you!
The orc wizard gestures at you while chanting.
You resist with some effort.
You are too confused!
You are too confused!
You are too confused!
You are too confused!
You are too confused!
You are too confused!
You are too confused!
You are too confused!
You are too confused!
You are too confused!
You're too confused!
You're too confused!
The iguana barely misses you.
You miss the iguana.
The iguana is lightly wounded.
You miss the orc wizard. You miss the worker ant.
The worker ant barely misses you. The iguana bites you.
The orc wizard hits you but does no damage.
The worker ant bites you but does no damage.
You're too confused to move!
The quokka barely misses you.
The iguana bites you but does no damage.
A magic dart appears from out of thin air!
The magic dart hits you! The orc wizard barely misses you.
The worker ant barely misses you.
The quokka bites you but does no damage.
You slash the quokka!
You kill the quokka!
You closely miss the orc wizard. You hit the iguana but do no damage.
Your shield prevents you from hitting the worker ant.
The iguana bites you. The worker ant closely misses you.
You hear some strange, mumbled words.
A puff of flame appears from out of thin air!
The puff of flame hits you.
The orc wizard hits you but does no damage.
The iguana bites you.
The orc priest calls upon Beogh to heal the orc wizard.
The orc wizard's wounds heal themselves!
The worker ant barely misses you.
The orc wizard hits you but does no damage.
You barely miss something. You miss the iguana.
You closely miss the worker ant. You miss the orc priest.
You hit the orc wizard.
You feel less confused. The worker ant bites you. The iguana barely misses you.
The orc priest calls down the wrath of Beogh upon you.
Pain shoots through your body!
* * * LOW HITPOINT WARNING * * *
Something hits you but does no damage. The orc wizard closely misses you.
The worker ant barely misses you.
You barely miss the worker ant. You closely miss the orc priest.
You hit the orc wizard but do no damage.
You closely miss something. You slash the iguana!
You block the iguana's attack.
The orc priest calls down the wrath of Beogh upon you.
Pain shoots through your body!
You die...

, ..... *
##########..... ,
*,,...#...........
, ...........#.. .
............# .. ,
* ............#...
* ...............#
, .......o@.....#
.......oal....# *
.......<........ *
, ......)........#
, ...##.....#.....
## ##.........# ,
, *........... , *
#........... * ,
#...........*


You could see an iguana, a worker ant, an orc priest and an orc wizard.

Vanquished Creatures
  An orc wizard (D:4)
  Ijyb (D:3)
  An adder (D:3)
  An ooze (D:3)
  A dart slug (D:3)
  A leopard gecko (D:1)
  4 orcs (D:3)
  A giant cockroach (D:1)
  4 goblins
  2 hobgoblins
  5 kobolds
  A quokka (D:4)
  A frilled lizard (D:3)
  2 rats
26 creatures vanquished.

Notes
Turn   | Place    | Note
-------+----------+-------------------------------------------
     0 | D:1      | EnegeticOcto the Deep Dwarf Fighter began the quest for the
                  | Orb.
     0 | D:1      | Reached XP level 1. HP: 20/20 MP: 1/1
    25 | D:1      | Reached XP level 2. HP: 18/27 MP: 2/2
   166 | D:3      | Reached XP level 3. HP: 22/34 MP: 3/3
   192 | D:3      | Noticed Ijyb
   209 | D:3      | Killed Ijyb
   376 | D:3      | Reached XP level 4. HP: 37/42 MP: 4/4
   409 | D:4      | Killed from afar by an orc priest

Levels and vault maps discovered:
D:1:      lemuel_arrival_hallway, layout_basic
D:2:      layout_basic, minmay_heptomino_o4, uniq_robin, uniq_sigmund,
          uniq_crazy_yiuf_cottage
D:3:      layout_loops_ring, first_ration, uniq_ijyb
D:4:      layout_rooms, hangedman_abyss_or_decor_passed

Skill      XL: |  1  2  3 |
---------------+----------+-----
Fighting       | 3 |  3.6
Axes           | 3 |  3.4
Armour         | |  3.7
Shields        | |  3.7

Action                   |  1- 3 |  4- 6 || total
-------------------------+-------+-------++-------
Melee: War axe           |    80 |    12 ||    92
 Abil: Heal Wounds       |     1 |     2 ||     3
Armor: Scale mail        |    27 |    18 ||    45
Dodge: Dodged            |    29 |    21 ||    50
Block: Kite shield       |    41 |     9 ||    50

Table legend:
 A = Non-vault XP
 B = Vault XP
 C = Vault XP percentage of total XP
 D = Non-vault monster count
 E = Vault monster count
 F = Vault count percentage of total count
                 A         B        C        D         E       F
            +---------+---------+-------+---------+---------+-------
      Total |     106 |      32 |  23.2 |      25 |       1 |   3.8
            +---------+---------+-------+---------+---------+-------
        D:1 |      18 |       0 |   0.0 |       9 |       0 |   0.0
        D:2 |       1 |       0 |   0.0 |       1 |       0 |   0.0
        D:3 |      46 |      32 |  41.0 |      13 |       1 |   7.1
        D:4 |      41 |       0 |   0.0 |       2 |       0 |   0.0
            +---------+---------+-------+---------+---------+-------
